 Dungeon Crawl Stone Soup version 0.31-a0-549-gf98fd537a9 (webtiles) character file.

Game seed: 15618146856835639705

57199 AdnanSaban the Protected (level 14, 0/92 HPs)
             Began as a Gargoyle Fighter on Aug 16, 2023.
             Was the Champion of Okawaru.
             Slain by a cane toad (15 damage)
             ... on level 5 of the Lair of Beasts.
             The game lasted 00:34:42 (24513 turns).

AdnanSaban the Protected (Gargoyle Fighter)        Turns: 24513, Time: 00:34:43

Health: 0/92       AC: 37    Str: 27    XL:     14   Next: 85%
Magic:  18/18      EV:  8    Int: 12    God:    Okawaru [******]
Gold:   1444       SH: 11    Dex:  9    Spells: 13/13 levels left

rFire   . . .        R - +5 morningstar (protect)
rCold   . . .        D - +0 kite shield
rNeg    + + +        N - +6 plate armour "Zaziesh" {rN++ rCorr Str+2 Int+3}
rPois   ∞            g - +1 hat
rElec   +            M - +0 cloak
rCorr   +            c - +0 pair of gloves
SInv    .            (no boots)
Will    +....        (no amulet) Stlth
                     y - ring of positive energy
HPRegen 0.35/turn    (no ring)
MPRegen 0.16/turn

%: no passive effects
@: flying
A: sickness immunity, AC +10, big wings, negative energy resistance 1,
electricity resistance, torment resistance 1, petrification resistance
a: Renounce Religion, Heroism, Finesse, Duel


You were on level 5 of the Lair of Beasts.
You worshipped Okawaru.
Okawaru was exalted by your worship.
You visited 3 branches of the dungeon, and saw 18 of its levels.

You collected 1444 gold pieces.

Inventory:

Hand Weapons
 R - a +5 morningstar of protection (weapon)
Missiles
 b - 21 boomerangs
 h - 36 poisoned darts (quivered)
 u - 4 javelins
 A - 8 datura-tipped darts
 E - 6 atropa-tipped darts
Armour
 c - a +0 pair of gloves (worn)
 g - a +1 hat (worn)
 D - a +0 kite shield (worn)
 I - a +0 tower shield
 M - a +0 cloak (worn)
 N - the +6 plate armour "Zaziesh" (worn) {rN++ rCorr Str+2 Int+3}
   (Okawaru gifted it to you on level 12 of the Dungeon)

   Str+2:     It affects your strength (+2).
   Int+3:     It affects your intelligence (+3).
   rN++:      It greatly protects you from negative energy.
   rCorr:     It protects you from acid and corrosion.
Jewellery
 y - a ring of positive energy (left hand)
 O - a ring of fire
 P - a ring of ice
Wands
 F - a wand of paralysis (12)
 L - a wand of light (3)
Scrolls
 a - 2 scrolls of immolation {unknown}
 e - 5 scrolls of silence {unknown}
 i - 2 scrolls of fear {unknown}
 j - 7 scrolls of teleportation {unknown}
 m - a scroll of revelation {unknown}
 n - 3 scrolls of enchant armour {unknown}
 o - a scroll of blinking {unknown}
 r - 2 scrolls of amnesia {unknown}
 s - a scroll of enchant weapon {unknown}
 t - a scroll of brand weapon {unknown}
 x - 17 scrolls of identify {unknown}
 C - a scroll of noise {unknown}
 G - 3 scrolls of vulnerability {unknown}
 J - 2 scrolls of torment {unknown}
 Q - a scroll of poison {unknown}
Potions
 d - 5 potions of might
 f - a potion of cancellation {unknown}
 k - 2 potions of attraction {unknown}
 l - 3 potions of lignification {unknown}
 p - 5 potions of haste {unknown}
 q - 7 potions of curing {unknown}
 v - 4 potions of heal wounds {unknown}
 w - 4 potions of brilliance {unknown}
 z - 2 potions of magic {unknown}
 B - 4 potions of mutation {unknown}
 H - a potion of enlightenment {unknown}


   Skills:
 * Level 12.6 Fighting
 + Level 14.2 Maces & Flails
 + Level 4.2 Throwing
 + Level 14.5 Armour
 + Level 3.7 Dodging
 + Level 2.2 Stealth
 + Level 11.7 Shields
 + Level 6.0 Invocations


You had 13 spell levels left.
You didn't know any spells.
Your spell library contained the following spells:

 Spells                   Type           Power      Damage    Failure   Level
 Freeze                   Ice            0%         1d3       98%         1
 Shock                    Conj/Air       0%         1d3       98%         1
 Slow                     Hex            0%         N/A       98%         1
 Passwall                 Tmut/Erth      0%         N/A       99%         2
 Confusing Touch          Hex            0%         N/A       100%        3
 Frozen Ramparts          Ice            0%         1d1       100%        3
 Hailstorm                Conj/Ice       0%         3d3       100%        3
 Portal Projectile        Hex/Tloc       0%         N/A       100%        3
 Swiftness                Air            0%         N/A       100%        3
 Vampiric Draining        Necr           0%         2d6       100%        3
 Volatile Blastmotes      Fire/Tloc      0%         2d10      100%        3
 Airstrike                Air            0%         2d(0-16)  100%        4
 Fulminant Prism          Conj/Hex       0%         3d5       100%        4
 Iskenderun's Mystic Bla  Conj/Tloc      0%         2d3       100%        4
 Alistair's Intoxication  Tmut/Pois      0%         N/A       100%        5
 Tukima's Dance           Hex            Unusable   N/A       N/A         3

Dungeon Overview and Level Annotations

Branches:
Dungeon (12/15)            Temple (1/1) D:6            Lair (5/5) D:8
  Swamp (0/4) Lair:3        Snake (0/4) Lair:3        Slime (0/5) Lair:4
    Orc (0/2) D:10

Altars:
Ashenzari
Cheibriados
Dithmenos
Elyvilon
Fedhas
Gozag
Hepliaklqana
Kikubaaqudgha
Makhleb
Nemelex Xobeh
Okawaru
Qazlal
Ru
Sif Muna
Trog
Uskayaw
Vehumet
Wu Jian
Xom
Yredelemnul
Zin
The Shining One
Jiyva

Annotations:
D:8 exclusion: statue
D:9 exclusions: obsidian statue and orange crystal statue
D:11 exclusion: orange crystal statue
Lair:3 Kirke


Innate Abilities, Weirdness & Mutations

You are immune to sickness and miasma.
Your stone body is resilient. (AC +10)
You are immune to poison.
Your large and strong wings let you fly.
You resist negative energy. (rN+)
You are resistant to electric shocks. (rElec)
You are resistant to unholy torment.
You are immune to petrification.


Message History

You block the four-headed hydra's attack.
The four-headed hydra barely misses you.
The cane toad attacks as you move away! You block the cane toad's attack.
The manticore attacks as you move away!
The manticore bites you but does no damage.
You block the manticore's attack. x2
The lindwurm breathes flames at you.
The blast of flame hits you but does no damage.
The cane toad stings you but does no damage.
The cane toad attacks as you move away!
The cane toad stings you but does no damage.
The cane toad attacks as you move away!
The cane toad stings you but does no damage.
You see here a dream sheep skeleton.
The cane toad attacks as you move away!
The cane toad stings you but does no damage.
You block the cane toad's attack. The cane toad attacks as you move away!
The cane toad stings you but does no damage.
You block the cane toad's attack. The cane toad stings you!
The cane toad attacks as you move away! You block the cane toad's attack.
The cane toad stings you but does no damage.
The cane toad attacks as you move away! The cane toad completely misses you.
The cane toad stings you.
* * * LOW HITPOINT WARNING * * *
The cane toad attacks as you move away!
The cane toad stings you but does no damage.
You see here a death yak skeleton.
The lindwurm breathes flames at you. The blast of flame hits you!
* * * LOW HITPOINT WARNING * * *
Things that are here:
a +0 demon whip of electrocution; a water moccasin skeleton The cane toad attacks as you move away!
You block the cane toad's attack. You block the cane toad's attack.
The cane toad attacks as you move away!
The cane toad stings you but does no damage.
The cane toad attacks as you move away! The cane toad stings you!
You die...

...#....# #....#.......# #.## #
....#P..# #......#...### ###
...#...## ##..#.#k#...#
.......####...#...#####
.........##P..#D..####### ###
........# #...)÷..#.....# #.#
.......## ##..#####.....# ##.
#.......## #P.D.###.....########<
#......#.# ##..F@.#.....#....##..
.#.†.....###.#.........##.#..#...
..#........##....#.#...##........
...#...#....###......#........#..
.####..##...###...#...#.##P.#....
## #..#...[.########...###..####
#####......# ###.### #..# #
##.#.......# .....####..####
#..........# .....P.P#....P.


You could see a four-headed hydra and a cane toad.

Vanquished Creatures
  A yaktaur captain (D:10)
  A great orb of eyes (D:10)
  A centaur warrior (D:10)
  2 hydras (Lair:5)
  2 catoblepae (Lair:5)
  A boulder beetle (D:12)
  3 death yaks (Lair:5)
  2 two-headed ogres
  2 tengu warriors (D:10)
  Urug (Lair:4)
  Nergalle (D:11)
  A skyshark (Lair:5)
  A glowing orange brain (D:10)
  A wizard (D:10)
  A lindwurm (Lair:5)
  Pikel (D:7)
  An oklob plant (Lair:1)
  2 ugly things (D:10)
  2 cyclopes (D:12)
  A manticore (Lair:5)
  Maurice (D:11)
  12 elephants
  2 torpor snails
  17 cane toads
  6 black mambas
  3 centaur zombies (D:11)
  Joseph (D:10)
  A gargoyle (D:12)
  A kobold demonologist (D:11)
  Maggie (D:7)
  3 rime drakes
  9 komodo dragons
  A troll (D:9)
  Grinder (D:6)
  A polar bear (Lair:2)
  8 blink frogs
  A meliai zombie (D:11)
  9 dream sheep
  7 shadows (D:11)
  A centaur simulacrum (D:10)
  Sigmund (D:4)
  7 spriggans (Lair:2)
  3 wraiths
  7 small abominations (D:10)
  A vampire (D:11)
  3 basilisks
  3 humans
  3 large abominations (D:10)
  7 wyverns
  34 yaks
  3 hogs (Lair:2)
  3 steam dragons
  Menkaure (D:7)
  3 vampire mosquitoes (D:11)
  A naga (Lair:3)
  A warg (Lair:5)
  13 water moccasins
  2 acid dragons
  A hell hound (Lair:5)
  3 sky beasts
  8 orc warriors
  5 black bears
  An ice beast (D:5)
  5 ogres
  10 centaurs
  7 wolves
  2 phantoms
  3 lemures
  A kobold brigand (D:12)
  8 bullfrogs
  3 gnoll sergeants
  2 scorpions
  10 wights
  18 killer bees
  3 howler monkeys
  3 lava snakes (D:11)
  7 orc priests
  2 gnoll boudas
  10 jellies
  4 hounds
  4 sleepcaps
  Jessica (D:3)
  5 iguanas
  9 orc wizards
  A boggart zombie (D:11)
  A howler monkey zombie (D:11)
  31 gnolls
  7 adders
  A white imp (D:7)
  2 ufetubi
  2 dart slugs
  67 orcs
  4 ball pythons
  3 bats (D:1)
  17 endoplasms
  3 giant cockroaches
  10 goblins
  8 hobgoblins
  15 jackals
  13 kobolds
  3 quokkas
  3 frilled lizards
  3 rats
539 creatures vanquished.

Vanquished Creatures (others)
  A dream sheep (Lair:5)
  2 orc wizards
3 creatures vanquished.

Grand Total: 542 creatures vanquished

Notes
Turn   | Place    | Note
-------+----------+-------------------------------------------
     0 | D:1      | AdnanSaban the Gargoyle Fighter began the quest for the
                  | Orb.
     0 | D:1      | Reached XP level 1. HP: 14/14 MP: 1/1
    54 | D:1      | Reached XP level 2. HP: 20/20 MP: 2/2
   270 | D:1      | Reached XP level 3. HP: 23/24 MP: 3/3
  1002 | D:2      | Found a faded altar of an unknown god.
  1267 | D:3      | Reached XP level 4. HP: 29/29 MP: 4/4
  1525 | D:2      | Reached XP level 5. HP: 9/33 MP: 5/5
  2031 | D:3      | Noticed Jessica
  2034 | D:3      | Killed Jessica
  2101 | D:4      | Noticed an ogre
  2169 | D:4      | Reached skill level 1 in Dodging
  2169 | D:4      | Reached XP level 6. HP: 26/39 MP: 6/6
  2415 | D:4      | Found a hazy altar of Hepliaklqana.
  2697 | D:4      | Reached XP level 7. HP: 31/44 MP: 7/7
  2902 | D:4      | Noticed Sigmund
  2925 | D:4      | Reached skill level 5 in Maces & Flails
  2930 | D:4      | Killed Sigmund
  2931 | D:4      | Reached skill level 5 in Fighting
  2931 | D:4      | Reached skill level 5 in Armour
  3146 | D:4      | Reached skill level 1 in Throwing
  3605 | D:4      | Reached XP level 8. HP: 49/49 MP: 8/8
  4209 | D:5      | Entered Level 5 of the Dungeon
  5181 | D:5      | Reached skill level 5 in Shields
  5207 | D:5      | Reached XP level 9. HP: 55/55 MP: 9/9
  5316 | D:5      | Identified the +3 hand axe "Damaew" {freeze, Int+5 Stlth+}
  5433 | D:5      | Found a white marble altar of Elyvilon.
  5699 | D:6      | Noticed Grinder
  6046 | D:6      | Found a sacrificial altar of Ru.
  6152 | D:6      | Identified the +10 falchion of Amortisation {freeze, rElec
                  | Str+5}
  6229 | D:6      | Killed Grinder
  6340 | D:6      | Found a glowing silver altar of Zin.
  6680 | D:6      | Found a staircase to the Ecumenical Temple.
  6748 | Temple   | Entered the Ecumenical Temple
  6757 | Temple   | Became a worshipper of Warmaster Okawaru
  7138 | D:6      | Reached skill level 1 in Stealth
  7454 | D:7      | Noticed Pikel
  7475 | D:7      | Killed Pikel
  7475 | D:7      | Reached * piety under Okawaru
  7476 | D:7      | Reached XP level 10. HP: 63/63 MP: 10/10
  7603 | D:7      | Noticed Menkaure
  7615 | D:7      | Killed Menkaure
  7705 | D:7      | Reached skill level 10 in Maces & Flails
  7750 | D:7      | Noticed Maggie
  7799 | D:7      | Paralysed by Maggie for 5 turns
  7811 | D:7      | Killed Maggie
  7811 | D:7      | Reached ** piety under Okawaru
  8153 | D:7      | Got the Atlas of Baneful Shaping
  8308 | D:8      | Found an ancient bone altar of Kikubaaqudgha.
  8441 | D:8      | Found a basalt altar of Yredelemnul.
  8768 | D:8      | Found a staircase to the Lair.
  8770 | D:8      | Found a radiant altar of Vehumet.
  8939 | D:8      | Found a shadowy altar of Dithmenos.
  8953 | D:8      | Reached *** piety under Okawaru
  9188 | D:9      | Found a snail-covered altar of Cheibriados.
  9361 | D:9      | Reached XP level 11. HP: 34/68 MP: 11/11
  9411 | D:9      | Found a bloodstained altar of Trog.
  9426 | D:9      | Found a glowing golden altar of the Shining One.
  9649 | D:8      | Reached **** piety under Okawaru
  9854 | D:9      | Identified the +7 long sword "Spiderslayer" {elec, Str+3}
 10254 | D:9      | Noticed an orange crystal statue
 10303 | D:9      | Noticed an obsidian statue
 10574 | D:10     | Entered Level 10 of the Dungeon
 10578 | D:10     | Found a staircase to the Orcish Mines.
 10756 | D:10     | Found a shimmering altar of Xom.
 10777 | D:10     | Noticed Joseph
 10798 | D:10     | Killed Joseph
 10964 | D:10     | Noticed a brown ugly thing
 11180 | D:11     | Noticed a two-headed ogre
 11188 | D:11     | Killed a two-headed ogre
 11189 | D:11     | Reached skill level 10 in Armour
 11219 | D:11     | Reached ***** piety under Okawaru
 11953 | D:10     | Noticed a tengu warrior
 11964 | D:10     | Killed a tengu warrior
 11965 | D:10     | Noticed a tengu warrior
 11981 | D:10     | Killed a tengu warrior
 11981 | D:10     | Noticed a glowing orange brain
 11987 | D:10     | Killed a glowing orange brain
 12132 | D:10     | Reached XP level 12. HP: 76/76 MP: 12/12
 12152 | D:10     | Noticed a yaktaur captain
 12163 | D:10     | Killed a yaktaur captain
 12345 | D:10     | Identified the +3 whip of Dissolution {flame, rPois Int-4
                  | SInv}
 12620 | D:10     | Noticed a centaur warrior
 12629 | D:10     | Killed a centaur warrior
 12629 | D:10     | Noticed a great orb of eyes
 12637 | D:10     | Killed a great orb of eyes
 12765 | D:10     | Identified the staff of Red Duty {rC++ rN+ Will- Necro}
 12945 | D:10     | Received a gift from Okawaru
 13002 | D:10     | Noticed a large abomination
 13415 | D:10     | Noticed a large abomination
 13789 | D:10     | Killed a large abomination
 14081 | D:11     | Reached skill level 1 in Invocations
 14266 | D:11     | Noticed Maurice
 14314 | D:11     | Killed Maurice
 14690 | D:11     | Noticed Nergalle
 14717 | D:11     | Killed Nergalle
 14718 | D:11     | Reached skill level 10 in Fighting
 15506 | D:11     | Noticed a soul eater
 15587 | D:12     | Identified the +6 plate armour "Zaziesh" {rN++ rCorr Str+2
                  | Int+3} (Okawaru gifted it to you on level 12 of the
                  | Dungeon)
 15587 | D:12     | Received a gift from Okawaru
 16049 | D:12     | Noticed a two-headed ogre
 16055 | D:12     | Killed a two-headed ogre
 16375 | D:12     | Noticed a boulder beetle
 16391 | D:12     | Killed a boulder beetle
 16392 | D:12     | Reached XP level 13. HP: 82/82 MP: 15/15
 16510 | Lair:1   | Entered Level 1 of the Lair of Beasts
 18557 | Lair:2   | Reached skill level 5 in Invocations
 19030 | Lair:2   | Reached ****** piety under Okawaru
 19186 | Lair:2   | Found a glowing silver altar of Zin.
 19408 | Lair:2   | Reached skill level 10 in Shields
 19499 | Lair:2   | Received a gift from Okawaru
 20193 | Lair:3   | Received a gift from Okawaru
 20389 | Lair:3   | Found a staircase to the Swamp.
 20518 | Lair:3   | Found a staircase to the Snake Pit.
 20639 | Lair:3   | Received a gift from Okawaru
 20827 | Lair:3   | Gained mutation: Your large and strong wings let you fly.
                  | [Gargoyle growth]
 20827 | Lair:3   | Reached XP level 14. HP: 75/88 MP: 18/18
 21354 | Lair:3   | Noticed Kirke
 21709 | Lair:4   | Found a viscous altar of Jiyva.
 21709 | Lair:4   | Found a staircase to the Slime Pits.
 22202 | Lair:4   | Noticed Urug
 22237 | Lair:4   | Killed Urug
 22243 | Lair:4   | Received a gift from Okawaru
 22974 | Lair:5   | Entered Level 5 of the Lair of Beasts
 23558 | Lair:5   | Identified the +8 dagger of Qisumuy {heavy, *Rage rPois
                  | SInv Stlth-}
 24177 | Lair:5   | Received a gift from Okawaru
 24513 | Lair:5   | Slain by a cane toad

Illustrated notes

Levels and vault maps discovered:
D:1:      zaba_arrival_water, layout_basic
D:2:      layout_rooms, hellmonk_ecumenical_altar_prayer_group
D:3:      layout_loops_cross, uniq_jessica
D:4:      lemuel_castle_with_subvaults [lemuel_castle_interior_original],
          layout_gridville, lemuel_round_altar, uniq_sigmund
D:5:      layout_rooms, general_overflow_altar, serial_aquarium,
          aquarium_bridge_square [aquarium_subvault_wall,
          aquarium_subvault_bridge, aquarium_subvault_wall,
          aquarium_subvault_wall], aquarium_window_corridor_2,
          aquarium_window_fake, aquarium_window_fake, aquarium_view_2d,
          aquarium_pool_1, serial_park_tiny_pond, minmay_misc_feat_diagonals,
          minmay_bent
D:6:      layout_loops_ring, zin_treasury, nicolae_ru_sacrificial_ziggurat,
          minmay_temple_entry_statues_pillars, minmay_ruffians, uniq_grinder
D:7:      layout_rooms, minmay_checkerbox, uniq_maggie, uniq_pikel,
          uniq_menkaure
D:8:      layout_rooms, vehumet_statue, mainiacjoe_overflow_alcove_1,
          mainiacjoe_overflow_24_doors, mainiacjoe_overflow_catwalk
D:9:      minmay_separated_statues, layout_long_grid, amcnicky_altar_gilded,
          cheibriados_altar_1, tso_oasis_becter, enter_bailey_3
D:10:     minmay_chopped_fan, layout_loops_ring, lemuel_tele_altar, laboratory,
          uniq_joseph
D:11:     layout_long_grid, serial_undead, serial_undead_b, serial_undead_a,
          serial_undead_b, serial_undead_c, disabler_island, uniq_nergalle,
          uniq_maurice
D:12:     layout_irregular_city
Temple:   hellmonk_temple_flake
Lair:1:   lemuel_slime, layout_hall_layers, lemuel_fruit_fields,
          grunt_megastairs_5, lemuel_fruit_fields
Lair:2:   kb_forest_paths, layout_regular_city, basic_altar,
          grunt_forest_large_clearing_hut
Lair:3:   layout_regular_city, swamp_mist_pool, guppyfry_snake_entry_garden,
          chequers_serial_rivers_small_b, uniq_kirke
Lair:4:   layout_concentric_octagons, slime_entry_1, uniq_urug
Lair:5:   hangedman_lair_caniforms_friends, layout_loops_ring,
          hangedman_lair_in_review

Skill      XL: |  1  2  3  4  5  6  7  8  9 10 11 12 13 14 |
---------------+-------------------------------------------+-----
Fighting       | 4 5 6 7 8 9 10 12 | 12.6
Maces & Flails | 3 4 5 7 9 11 12 13 14 | 14.2
Shields        | 4 5 6 7 8 10 11 | 11.7
Armour         | 4 5 6 7 8 11 12 13 14 | 14.5
Dodging        | 1 2 3 |  3.7
Throwing       | 1 2 4 |  4.2
Stealth        | 1 2 |  2.2
Invocations    | 3 6 |  6.0

Action                     |  1- 3 |  4- 6 |  7- 9 | 10-12 | 13-15 || total
---------------------------+-------+-------+-------+-------+-------++-------
  Melee: Flail             |   145 |   176 |   479 |     9 |       ||   809
         Morningstar       |       |       |    96 |     2 |   302 ||   400
         Whip              |       |       |       |  1243 |   945 ||  2188
  Throw: Dart              |       |    10 |    21 |    33 |    16 ||    80
         Boomerang         |       |       |       |    40 |       ||    40
 Invoke: Heroism           |       |       |       |     2 |     1 ||     3
   Stab: Petrifying        |       |       |       |       |     1 ||     1
         Petrified         |       |       |       |       |     1 ||     1
 Armour: Scale mail        |   107 |   110 |     2 |       |       ||   219
         Chain mail        |       |       |   399 |       |       ||   399
         Plate armour      |       |       |     2 |   576 |   691 ||  1269
  Dodge: Dodged            |   116 |   103 |   277 |   260 |   313 ||  1069
  Block: Buckler           |    40 |    40 |   140 |   111 |       ||   331
         Kite shield       |       |       |       |   134 |   518 ||   652

Table legend: (Time is in decaauts)
 A = Elapsed time spent in this place.
 B = Non-inter-level travel time spent in this place.
 C = Inter-level travel time spent in this place.
 D = Time resting spent in this place.
 E = Time spent auto-exploring this place.
 F = Levels seen in this place.
 G = Mean time per level.
                   A        B        C        D        E       F      G
               +--------+--------+--------+--------+--------+-----+--------+
         Total |  23790 |  22521 |   1269 |   1564 |  15717 |  18 | 1321.7 |
       Dungeon |  16419 |  15809 |    610 |   1475 |  10508 |  12 | 1368.2 |
        Temple |     18 |      2 |     16 |      0 |      0 |   1 |   18.0 |
          Lair |   7353 |   6710 |    643 |     89 |   5209 |   5 | 1470.6 |
               +--------+--------+--------+--------+--------+-----+--------+

Top non-repeatable levels by time:
    D:10: 2636 daAuts
     D:4: 2402 daAuts
    D:11: 2052 daAuts
  Lair:2: 1699 daAuts
  Lair:1: 1679 daAuts
  Lair:5: 1508 daAuts
  Lair:3: 1434 daAuts
     D:5: 1311 daAuts
     D:8: 1275 daAuts
     D:6: 1233 daAuts
     D:9: 1158 daAuts
  Lair:4: 1031 daAuts
     D:7: 1001 daAuts
     D:3: 937 daAuts
    D:12: 888 daAuts
